 Dungeon Crawl Stone Soup version 0.24.0-13-gcf9b319 (webtiles) character file.

Game seed: 16575836939110816390, levelgen mode: deterministic

140 Fang the Shield-Bearer (level 5, -2/33 HPs)
             Began as a Gargoyle Fighter on Jan 2, 2020.
             Killed by nerve-wracking pain
             ... invoked by an orc priest
              (6 damage)
             ... on level 3 of the Dungeon.
             The game lasted 00:02:38 (1624 turns).

Fang the Shield-Bearer (Gargoyle Fighter)           Turns: 1624, Time: 00:02:38

Health: -2/33      AC: 11    Str: 21    XL:     5   Next: 23%
Magic:  5/5        EV:  7    Int:  8    God:
Gold:   127        SH:  9    Dex:  9    Spells: 4/4 levels left

rFire    . . .     SeeInvis .   a - +0 war axe
rCold    . . .     Gourm    .   c - +0 shield
rNeg     + . .     Faith    .   b - +0 scale mail
rPois    ∞         Spirit   .   (no helmet)
rElec    +         Reflect  .   (no cloak)
rCorr    .         Harm     .   (no gloves)
MR       .....                  (no boots)
Stlth    ..........             (no amulet)
HPRegen  0.11/turn              (no ring)
MPRegen  0.09/turn              (no ring)

@: no status effects
A: negative energy resistance 1, electricity resistance, unbreathing,
petrification resistance, rot immunity, AC +4
a: no special abilities


You were on level 3 of the Dungeon.
You were not hungry.

You visited 1 branch of the dungeon, and saw 3 of its levels.

You collected 127 gold pieces.

Inventory:

Hand Weapons
 a - a +0 war axe (weapon)
Armour
 b - a +0 scale mail (worn)
 c - a +0 shield (worn)
Jewellery
 h - an uncursed amulet of rage {unknown}
Wands
 g - a wand of paralysis (8)
Scrolls
 e - 3 scrolls of amnesia {unknown}
 k - 2 scrolls of identify {unknown}
 m - a scroll of enchant weapon {unknown}
 o - 2 scrolls of remove curse {unknown}
 q - a scroll of immolation {unknown}
 t - a scroll of teleportation {unknown}
Potions
 d - a potion of might
 i - a potion of heal wounds {unknown}
 j - 2 potions of agility {unknown}
 l - a potion of curing {unknown}
 n - a potion of haste {unknown}
 p - a potion of invisibility {unknown}
 r - a potion of degeneration {unknown}
 u - 2 potions of flight {unknown}
Comestibles
 f - 6 rations
 s - a chunk of flesh


   Skills:
 + Level 4.2 Fighting
 + Level 2.7 Axes
 + Level 4.2 Armour
 + Level 4.2 Shields


You had 4 spell levels left.
You didn't know any spells.
Your spell library was empty.

Dungeon Overview and Level Annotations

Branches:
Dungeon (3/15)

Altars:


Innate Abilities, Weirdness & Mutations

You are resistant to torment.
Your stone body is resilient. (AC +4)
You are immune to poison.
You resist negative energy. (rN+)
You are resistant to electric shocks. (rElec)
You can survive without breathing.
You are immune to petrification.
You are immune to rotting.


Message History

You are too injured to fight recklessly!
You are too injured to fight recklessly!
You are too injured to fight recklessly!
You are too injured to fight recklessly!
You are too injured to fight recklessly!
You slash the orc priest!
The orc priest is almost dead.
The orc priest calls down the wrath of Beogh upon you.
Beogh smites you!
* * * LOW HITPOINT WARNING * * *
The orc priest mumbles some strange prayers to Beogh against you.
You barely resist.
You hit the orc priest but do no damage.
The orc priest is almost dead.
You block the orc priest's attack.
You completely miss the orc priest.
The orc priest is almost dead.
The orc priest invokes the aid of Beogh against you.
Pain shoots through your body!
You die...

....#######.. ..
....#.......( .#.....
......######.#.#.).. .
..#.### .......###..
..#.####### #.##........
..#.......###.##.......[
..#######...#.##........
#)...# ###.............
..##.# ###.#.@o......
...#.# #.#..)$.=...
.....# #.#..##.....
.....## #....# ...#
......# #...!# .##
....#.### #....# ..
....#...# #..... .
)..####.####..#....
....###.#.......!#..


You could see an orc priest.

Vanquished Creatures
  Jessica (D:2)
  4 adders (D:2)
  2 worms
  2 dart slugs (D:1)
  A leopard gecko (D:2)
  6 orcs (D:3)
  A ball python (D:1)
  8 bats
  3 giant cockroaches (D:1)
  6 hobgoblins
  8 kobolds
  5 frilled lizards
  9 goblins
  5 rats
61 creatures vanquished.

Notes
Turn   | Place    | Note
-------+----------+-------------------------------------------
     0 | D:1      | Fang the Gargoyle Fighter began the quest for the Orb.
     0 | D:1      | Reached XP level 1. HP: 14/14 MP: 1/1
    52 | D:1      | Reached XP level 2. HP: 14/19 MP: 2/2
   279 | D:1      | Reached XP level 3. HP: 20/23 MP: 3/3
   725 | D:2      | Noticed Jessica
   741 | D:2      | Killed Jessica
   741 | D:2      | Reached XP level 4. HP: 29/29 MP: 4/4
  1173 | D:2      | Reached XP level 5. HP: 22/33 MP: 5/5
  1624 | D:3      | Killed from afar by an orc priest

Levels and vault maps discovered:
D:1:      wander_arrival_desolate, layout_basic, minmay_split_cup_large
D:2:      layout_basic, uniq_jessica
D:3:      layout_rooms, first_ration

Skill      XL: |  1  2  3  4 |
---------------+-------------+-----
Axes           | 2 |  2.7
Shields        | 4 |  4.2
Fighting       | 4 |  4.2
Armour         | 4 |  4.2

Action                   |  1- 3 |  4- 6 || total
-------------------------+-------+-------++-------
Melee: War axe           |    96 |   124 ||   220
  Eat: Chunk             |       |     3 ||     3
Armor: Scale mail        |    64 |    76 ||   140
Dodge: Dodged            |    29 |    36 ||    65
Block: Shield            |    52 |    68 ||   120
